 Dungeon Crawl Stone Soup version 0.19-a0-262-g5df7875 (webtiles) character file.

150 oplop the Sneak (level 5, -14/24 HPs)
             Began as a Vine Stalker Enchanter on May 26, 2016.
             Demolished by an ogre
             ... wielding a +0 giant club
              (22 damage)
             ... on level 4 of the Dungeon.
             The game lasted 00:03:30 (1654 turns).

oplop the Sneak (Vine Stalker Enchanter)            Turns: 1654, Time: 00:03:31

Health: -14/24     AC:  6    Str: 14    XL:     5   Next: 32%
Magic:  0/10       EV: 12    Int: 15    God:
Gold:   85         SH:  3    Dex: 15    Spells: 3 memorised, 4 levels left

rFire  . . .     SeeInvis .     a - +1 dagger
rCold  . . .     Gourm    .     b - +1 robe
rNeg   . . .     Faith    .     (no shield)
rPois  .         Spirit   +     (no helmet)
rElec  .         Dismiss  .     s - +2 cloak
rCorr  .         Reflect  +     (no gloves)
SustAt .         Harm     .     (no boots)
MR     .....                    j - +3 amulet of reflection
Stlth  +++.......               (no ring)
                                g - +3 ring of strength

@: not resistant to hostile enchantments, fairly stealthy
A: fangs 2, regeneration 1, magic shield, antimagic bite, no device heal 3, rot
immunity
a: no special abilities


You were on level 4 of the Dungeon.
You were not hungry.

You visited 1 branch of the dungeon, and saw 4 of its levels.

You collected 85 gold pieces.

Inventory:

Hand Weapons
 a - a +1 dagger (weapon)
Armour
 b - a +1 robe (worn)
 s - a +2 cloak (worn)
Jewellery
 g - a +3 ring of strength (left hand)
 j - a +3 amulet of reflection (around neck)
Scrolls
 e - 3 scrolls of magic mapping {unknown}
 h - 2 scrolls of identify {unknown}
 l - 2 scrolls of remove curse {unknown}
 m - a scroll of amnesia {unknown}
 t - a scroll of teleportation {unknown}
Potions
 i - a potion of flight {unknown}
 k - a potion of degeneration {unknown}
 n - a potion of heal wounds {unknown}
 p - a potion of curing {unknown}
 q - a potion of mutation {unknown}
 r - a potion of brilliance {unknown}
Books
 c - a book of Maledictions

   Spells                             Type                      Level
   a - Corona                         Hexes                        1
   b - Ensorcelled Hibernation        Hexes/Ice                    2
   c - Confuse                        Hexes                        3
   d - Tukima's Dance                 Hexes                        3
   e - Dazzling Spray                 Conjuration/Hexes            3
Comestibles
 d - 2 bread rations
 f - 3 fruits
 o - 3 beef jerkies


   Skills:
 - Level 0.1 Fighting
 - Level 1.0 Short Blades
 - Level 1.9 Dodging
 + Level 5.3 Stealth
 + Level 3.2 Spellcasting
 + Level 4.0 Hexes


You had 4 spell levels left.
You knew the following spells:

 Your Spells              Type           Power        Failure   Level  Hunger
a - Corona                Hex            ##.....      4%          1    #......
b - Ensorcelled Hibernat  Hex/Ice        #.....       14%         2    ##.....
c - Confuse               Hex            ##......     14%         3    ###....


Dungeon Overview and Level Annotations

Branches:
Dungeon (4/15)
 Temple: D:4-7

Altars:

Shops:
D:4 *

Annotations:
D:3 oplop's ghost, amateur VSEn
D:4 Dowan; Duvessa


Innate Abilities, Weirdness & Mutations

You have extremely sharp teeth.
Your natural rate of healing is unusually fast.
When hurt, damage is shared between your health and your magic reserves.
Your bite disrupts and absorbs the magic of your enemies.
Potions and wands cannot restore your health.
You are immune to rotting.


Message History

You hit Duvessa. You bite Duvessa. You drain her power.
You feel invigorated.
Duvessa is lightly wounded.
Duvessa hits you with a short sword!
Casting: Confuse
Confirm with . or Enter, or press ? or * to list all spells.
Aiming: Ensorcelled Hibernation
Press: ? - help, Shift-Dir - straight line, f - Duvessa
Aim: Duvessa, wielding a short sword (lightly wounded, chance to defeat MR: 23%) Duvessa resists with almost no effort.
Duvessa hits you with a short sword!
* * * LOW HITPOINT WARNING * * *
Really walk into that teleport trap?
You enter a teleport trap!
The teleport trap disappears.
Your surroundings suddenly seem different.
An ogre comes into view. It is wielding a giant club.
The helpless ogre fails to defend itself.
You impale the ogre!!
The ogre is almost dead.
The ogre hits you with a giant club!!
Ouch! That really hurt!
You die...

### # #.. .. #
#.# ##.# ..
#.#.#....#
....#.#.#...##.
......O........
#@#######
#........
####....# #...
##


You could see an ogre.

Vanquished Creatures
  A howler monkey (D:4)
  Crazy Yiuf (D:2)
  3 adders
  An ooze (D:1)
  A dart slug (D:2)
  A giant gecko (D:1)
  7 orcs (D:3)
  A giant cockroach (D:3)
  5 goblins
  8 hobgoblins
  2 jackals (D:4)
  3 kobolds
  A quokka (D:4)
  5 bats
  3 rats
43 creatures vanquished.

Notes
Turn   | Place    | Note
--------------------------------------------------------------
     0 | D:1      | oplop the Vine Stalker Enchanter began the quest for the Orb.
     0 | D:1      | Reached XP level 1. HP: 9/9 MP: 4/4
   244 | D:1      | Reached XP level 2. HP: 13/13 MP: 6/6
   272 | D:1      | Learned a level 2 spell: Ensorcelled Hibernation
   276 | D:1      | Reached skill level 4 in Stealth
   683 | D:2      | Reached XP level 3. HP: 16/16 MP: 5/7
   903 | D:2      | Reached skill level 1 in Short Blades
  1089 | D:2      | Noticed Crazy Yiuf
  1095 | D:2      | Learned a level 3 spell: Confuse
  1114 | D:2      | Killed Crazy Yiuf
  1114 | D:2      | Reached XP level 4. HP: 11/21 MP: 0/9
  1235 | D:3      | Noticed oplop's ghost (amateur VSEn)
  1352 | D:3      | Reached skill level 5 in Stealth
  1604 | D:4      | Reached XP level 5. HP: 22/24 MP: 8/10
  1645 | D:4      | Found Xyafuow's Assorted Antiques.
  1646 | D:4      | Noticed Dowan
  1648 | D:4      | Noticed Duvessa
  1652 | D:4      | Noticed an ogre
  1654 | D:4      | Demolished by an ogre

Vault maps used:
D:1:      dpeg_arrival_connections, due_unseen_surprise
D:2:      uniq_crazy_yiuf_cottage
D:3:      first_bread, nemelex_dance_club_becter
D:4:      serial_shops, shop, uniq_eustachio, uniq_duvessa, uniq_grinder

Skill      XL: |  1  2  3  4 |
---------------+-------------+-----
Stealth        | 4 5 |  5.3
Short Blades   | 1 |  1.0
Spellcasting   | 3 |  3.2
Hexes          | 4 |  4.0
Fighting       | |  0.1
Dodging        | |  1.9

Action                   |  1- 3 |  4- 6 || total
-------------------------+-------+-------++-------
Melee: Dagger            |    84 |    67 ||   151
       Bite              |    18 |    18 ||    36
 Cast: Ensorcelled Hiber |     2 |     5 ||     7
       Confuse           |     1 |     7 ||     8
 Stab: Sleeping          |    10 |     4 ||    14
       Invisible         |     2 |       ||     2
  Eat: Chunk             |       |     4 ||     4
Armor: Robe              |    17 |    23 ||    40
Dodge: Dodged            |    39 |    50 ||    89
Block: Other             |     5 |     4 ||     9
